 Dungeon Crawl Stone Soup version 0.29.1-13-g9f3cf754e1 (webtiles) character file.

Game seed: 14054428445072736648

25 sircluck the Grave Robber (level 2, -1/20 HPs)
             Began as a Mummy Necromancer on Jan 24, 2023.
             Was a Follower of Vehumet.
             Slain by a jackal (3 damage)
             ... on level 2 of the Dungeon.
             The game lasted 00:09:29 (1840 turns).

sircluck the Grave Robber (Mummy Necromancer)       Turns: 1840, Time: 00:09:30

Health: -1/20      AC:  2    Str: 11    XL:     2   Next: 86%
Magic:  5/5        EV: 12    Int: 14    God:    Vehumet [*.....]
Gold:   70         SH:  0    Dex: 12    Spells: 5/6 levels left

rFire   x . .      SeeInvis .   e - +0 club
rCold   + . .      Faith    .   (no shield)
rNeg    + + +      Spirit   .   a - +0 robe
rPois   ∞          Reflect  .   (no helmet)
rElec   .          Harm     .   (no cloak)
rCorr   .          Rampage  .   (no gloves)
Will    .....                   (no boots)
Stlth   ++........              j - amulet of regeneration
HPRegen 0.86/turn               (no ring)
MPRegen 0.09/turn               (no ring)

@: no status effects
A: cold resistance 1, negative energy resistance 3, torment resistance 2, heat
vulnerability 1, no potions
a: Renounce Religion


You were on level 2 of the Dungeon.
You worshipped Vehumet.
Vehumet was aware of your devotion.
You visited 1 branch of the dungeon, and saw 2 of its levels.

You collected 70 gold pieces.

Inventory:

Hand Weapons
 e - a +0 club (weapon)
 l - a +0 dagger
 q - a +0 club
 r - a +0 dagger
Missiles
 h - 4 boomerangs
 t - 3 stones
Armour
 a - a +0 robe (worn)
 f - a +0 leather armour
 k - a +0 chain mail
 n - a +0 scale mail
 o - a +0 leather armour
 p - a +0 robe
 s - a +0 leather armour
Jewellery
 j - an amulet of regeneration (around neck)
Scrolls
 b - 2 scrolls of identify {unknown}
 g - a scroll of magic mapping {unknown}
 i - 2 scrolls of immolation {unknown}
 m - a scroll of enchant armour {unknown}
Potions
 c - 2 potions of curing {unknown}
 d - a potion of degeneration {unknown}


   Skills:
 + Level 0.5 Fighting
 + Level 0.3 Maces & Flails
 + Level 1.9 Dodging
 + Level 1.5 Stealth
 + Level 2.8 Spellcasting
 + Level 4.4 Necromancy


You had 5 spell levels left.
You knew the following spells:

 Your Spells              Type           Power      Damage    Failure   Level
a - Necrotise             Necr           56%        1d6       3%          1

Your spell library contained the following spells:

 Spells                   Type           Power      Damage    Failure   Level
 Freeze                   Ice            8%         1d3       22%         1
 Vampiric Draining        Necr           14%        2d7       11%         3
 Animate Dead             Necr           14%        N/A       34%         4
 Tukima's Dance           Hex            2%         N/A       54%         3
 Agony                    Necr           14%        N/A       69%         5
 Passage of Golubria      Tloc           2%         N/A       91%         4
 Yara's Violent Unravell  Hex/Tmut       1%         3d3       99%         5


Dungeon Overview and Level Annotations

Branches:
Dungeon (2/15)

Altars:
Vehumet


Innate Abilities, Weirdness & Mutations

You are immune to poison.
Your flesh is cold resistant. (rC+)
You are immune to negative energy. (rN+++)
You are immune to unholy pain and torment.
You are vulnerable to heat. (rF-)
You do not drink.


Message History

The jackal bites you but does no damage.
You hit the jackal.
You kill the jackal!
Vehumet accepts your kill.
The jackal barks!
You hit the jackal but do no damage.
You hear a shout!
The jackal misses you. The jackal bites you.
A kobold comes into view. It is wielding a +0 whip.
You hit the jackal but do no damage. The jackal bites you.
The jackal misses you.
You hit the jackal.
The jackal is almost dead.
The jackal bites you.
The kobold throws a stone.
The stone closely misses you.
A quokka comes into view.
The jackal barely misses you.
You hit the jackal but do no damage.
The jackal is almost dead.
The jackal bites you. The jackal misses you. The quokka bites you.
You closely miss the jackal.
The jackal is almost dead.
The jackal barely misses you. The jackal closely misses you.
The quokka closely misses you. The jackal bites you.
The jackal barely misses you.
You hit the jackal but do no damage.
The jackal is almost dead.
The jackal bites you. The quokka bites you. The jackal closely misses you.
The jackal barely misses you.
The quokka bites you but does no damage.
The jackal barely misses you.
You miss the jackal.
The jackal is almost dead.
The jackal misses you.
The jackal bites you but does no damage.
The kobold hits you with a +0 whip.
* * * LOW HITPOINT WARNING * * *
The quokka bites you.
* * * LOW HITPOINT WARNING * * *
The jackal misses you. The jackal bites you.
You die...

.# #........###h
.###......#........ ##
..##............... .#####.
..................###.......
#.##...... #.........#..
....####.# ###............
..#....... .......<....#
#.######.# ####rK....>.....
#.## #.####..h@h#.####....
#..# ###......#####. #..
#..# #....##### #> .
##.###.#.## .. .......#.# ..
....†.##.. ... ......#....
####.##..... #.#.......


You could see a quokka, 2 jackals and a kobold.

Vanquished Creatures
  4 endoplasms
  2 giant cockroaches (D:1)
  3 goblins
  A hobgoblin (D:2)
  2 jackals (D:2)
  A kobold (D:2)
  A quokka (D:2)
  3 ball pythons (D:1)
  3 bats
  A frilled lizard (D:1)
  A rat (D:1)
22 creatures vanquished.

Notes
Turn   | Place    | Note
-------+----------+-------------------------------------------
     0 | D:1      | sircluck the Mummy Necromancer began the quest for the Orb.
     0 | D:1      | Reached XP level 1. HP: 13/13 MP: 4/4
   610 | D:1      | Reached XP level 2. HP: 15/19 MP: 5/5
  1556 | D:2      | Found a faded altar of an unknown god.
  1565 | D:2      | Prayed at the altar of an unknown god.
  1565 | D:2      | Became a worshipper of Vehumet
  1565 | D:2      | Reached * piety under Vehumet
  1565 | D:2      | Offered knowledge of Freeze by Vehumet.
  1840 | D:2      | Slain by a jackal

Illustrated notes

Levels and vault maps discovered:
D:1:      lightli_arrival_statue_moat, layout_loops_ring
D:2:      layout_rooms, ebering_ecumenical_altar_webs

Action                   || total
-------------------------++-------
Melee: Unarmed           ||    27
       Club              ||    69
       Punch             ||     1
 Cast: Necrotise         ||    10
Armor: Robe              ||    44
Dodge: Dodged            ||    98
